 Dungeon Crawl Stone Soup version 0.29-a0-323-g050149af67 (console) character file.

Game seed: 9599829927222081030

7 Ignak the Skirmisher (level 2, -2/29 HPs)
             Began as an Ogre Warper on Apr 12, 2022.
             Frozen to death by an endoplasm (5 damage)
             ... on level 1 of the Dungeon.
             The game lasted 00:00:44 (501 turns).

Ignak the Skirmisher (Ogre Warper)                   Turns: 501, Time: 00:00:44

Health: -2/29      AC:  3    Str: 14    XL:     2   Next: 0%
Magic:  5/5        EV:  9    Int: 14    God:
Gold:   37         SH:  0    Dex:  8    Spells: 4/6 levels left

rFire   . . .      SeeInvis .   a - +0 mace
rCold   . . .      Faith    .   (no shield)
rNeg    . . .      Spirit   .   b - +0 robe
rPois   .          Reflect  .   (helmet restricted)
rElec   .          Harm     .   (no cloak)
rCorr   .          Rampage  .   (gloves unavailable)
Will    .....                   (boots unavailable)
Stlth   +.........              (no amulet)
HPRegen 0.09/turn               (no ring)
MPRegen 0.09/turn               (no ring)

@: no status effects
A: large, unfitting armour, tough skin 1
a: no special abilities


You were on level 1 of the Dungeon.
You visited 1 branch of the dungeon, and saw 1 of its levels.

You collected 37 gold pieces.

Inventory:

Hand Weapons
 a - a +0 mace (weapon)
Missiles
 d - 7 boomerangs of dispersal
 g - 4 atropa-tipped darts (quivered)
Armour
 b - a +0 robe (worn)
Scrolls
 c - a scroll of blinking
 i - 2 scrolls of identify {unknown}
 j - a scroll of fear {unknown}
Potions
 e - a potion of ambrosia {unknown}
 f - a potion of curing {unknown}
 h - a potion of magic {unknown}
 k - a potion of heal wounds {unknown}


   Skills:
 + Level 2.9 Fighting
 + Level 1.9 Maces & Flails
 + Level 1.1 Throwing
 + Level 2.2 Dodging
 + Level 2.5 Spellcasting
 + Level 2.7 Translocations


You had 4 spell levels left.
You knew the following spells:

 Your Spells              Type           Power      Damage    Failure   Level
b - Blink                 Tloc           18%        N/A       11%         2

Your spell library contained the following spells:

 Spells                   Type           Power      Damage    Failure   Level
 Gell's Gravitas          Tloc           9%         N/A       22%         3
 Lesser Beckoning         Tloc           9%         N/A       22%         3
 Teleport Other           Tloc           9%         N/A       22%         3
 Manifold Assault         Tloc           9%         N/A       90%         5


Dungeon Overview and Level Annotations

Branches:
Dungeon (1/15)

Altars:


Innate Abilities, Weirdness & Mutations

You are too large for most types of armour.
You have tough skin. (AC +1)


Message History

Adjust which spell? a - Blink Adjust to which letter? b - Blink
Found a scroll labelled RODGHAR GACE.
You now have 24 gold pieces (gained 6).
Found a stone staircase leading down.
Found a brown potion.
You now have 37 gold pieces (gained 13).
j - a scroll labelled RODGHAR GACE
k - a brown potion
There is a stone staircase leading down here.
There is a stone staircase leading down here.
You see here a +0 spear.
You see here a +0 dagger.
i - 2 scrolls labelled AWE MEMAYCK (gained 1)
A kobold comes into view.
It is wielding a +2 short sword of electrocution.
Throw: 5 darts (atropa)
Press: ? - help, Q - select action, (/) - cycle Shift-Dir - straight line, f - kobold
Aim: a kobold, wielding a +2 short sword of electrocution (asleep, 98% to hit, chance to blind on hit: 100%)
You throw an atropa-tipped dart. The atropa-tipped dart hits the kobold.
The kobold appears confused.
The kobold shouts!
An endoplasm comes into view.
The kobold shouts!
The endoplasm quivers.
The kobold seems less confused.
You closely miss the kobold.
The kobold hits you with a +2 short sword of electrocution.
You hit the endoplasm.
The endoplasm is severely wounded.
The kobold is no longer blind.
The kobold hits you but does no damage.
You are electrocuted!!
Ouch! That really hurt!
* * * LOW HITPOINT WARNING * * *
The endoplasm hits you.
* * * LOW HITPOINT WARNING * * *
The endoplasm freezes you.
You are frozen.
You die...

#.# #.# ## #.# ..
#.# #. #.# #. #.#
######.########.#
.......J........#
#####.@#########
#.K# #..# (..#
###.# ..# ###


You could see an endoplasm and a kobold.

Vanquished Creatures
  A giant cockroach (D:1)
  2 goblins (D:1)
  A hobgoblin (D:1)
  A ball python (D:1)
  A bat (D:1)
6 creatures vanquished.

Notes
Turn   | Place    | Note
-------+----------+-------------------------------------------
     0 | D:1      | Ignak the Ogre Warper began the quest for the Orb.
     0 | D:1      | Reached XP level 1. HP: 22/22 MP: 3/3
   289 | D:1      | Reached XP level 2. HP: 29/29 MP: 5/5
   295 | D:1      | Learned a level 2 spell: Blink
   501 | D:1      | Frozen to death by an endoplasm

Illustrated notes

Levels and vault maps discovered:
D:1:      minmay_arrival_arboretum_small, layout_loops_ring,
          ebering_ecumenical_altar_petrified

Action                   || total
-------------------------++-------
Melee: Mace              ||    24
Throw: Dart              ||     1
Armor: Robe              ||    21
Dodge: Dodged            ||    17

Table legend: (Time is in decaauts)
 A = Elapsed time spent in this place.
 B = Non-inter-level travel time spent in this place.
 C = Inter-level travel time spent in this place.
 D = Time resting spent in this place.
 E = Time spent auto-exploring this place.
 F = Levels seen in this place.
 G = Mean time per level.
                   A        B        C        D        E       F      G
               +--------+--------+--------+--------+--------+-----+--------+
         Total |    507 |    507 |      0 |    152 |    222 |   1 |  507.0 |
       Dungeon |    507 |    507 |      0 |    152 |    222 |   1 |  507.0 |
               +--------+--------+--------+--------+--------+-----+--------+

Top non-repeatable levels by time:
     D:1: 507 daAuts
